AoeStats
← tony le gros rou

African Clearing

506474741Analyzed
4v4 RM · 17d ago on Sep 13, 2026· 48m 8s· 8 players
Game mode
Random Map
Map size
Large (8 player)
Population
200
Speed
Normal
Resources
Standard
Victory
Conquest
Starting age
Dark Age
Ending age
Imperial Age
RankedLock teamsTeams togetherTeam positionsShared explorationLock speedFull tech treeHidden civsTurbo modeCheats
Victory
Defeat
🇫🇷 Mongols · France
1442
+9
🇫🇷 Maya · France
1423
+10
🇫🇷 Malians · France
1353
+12
🇫🇷 Huns · France
1209
+18
🇺🇦 Japanese · Ukraine
1339
-15
🇹🇷 Huns · Türkiye
1279
-12
🇮🇹 Poles · Italy
1269
-12
🇩🇪 Saracens · Germany
1207
-10
aka Frost1e
3:14 Loom
3:28 Loom
12:28 Feudal Age
13:15 Double-Bit Axe
13:16 Horse Collar
20:05 Wheelbarrow
24:40 Castle Age
22:50 Gold Mining
23:16 Forging
23:15 Scale Barding Armor
24:26 Bloodlines
24:46 Light Cavalry
27:36 Husbandry
28:42 Bow Saw
28:44 Stone Mining
30:41 Chain Barding Armor
31:52 Iron Casting
40:58 Imperial Age
38:47 Hand Cart
39:19 Heavy Plow
41:03 Cavalier
42:24 Conscription
43:16 Blast Furnace
46:28 Padded Archer Armor
47:15 Hoardings
46:22 Elite Skirmisher
47:08 Thumb Ring
47:29 Fletching
48:10 Bodkin Arrow
48:31 Leather Archer Armor
Umuryum
6:13 Loom
10:45 Loom
11:02 Loom
12:47 Feudal Age
13:27 Loom
14:02 Double-Bit Axe
16:54 Fletching
22:09 Castle Age
22:46 Bodkin Arrow
23:41 Bow Saw
28:34 Padded Archer Armor
28:45 Horse Collar
32:52 Thumb Ring
33:04 Leather Archer Armor
35:08 Bloodlines
39:23 Wheelbarrow
40:42 Gold Mining
41:51 Ballistics
44:23 Imperial Age
48:35 Imperial Age
nikias.marquardt
12:19 Loom
14:05 Feudal Age
20:31 Castle Age
19:16 Double-Bit Axe
22:41 Fletching
28:04 Horse Collar
42:28 Scale Barding Armor
42:42 Heavy Plow
43:01 Bow Saw
44:23 Chain Barding Armor
46:59 Forging
47:02 Masonry
Player2
7:35 Loom
12:12 Feudal Age
12:39 Town Watch
13:31 Wheelbarrow
12:43 Double-Bit Axe
17:44 Horse Collar
23:17 Castle Age
22:39 Stone Mining
24:10 Bow Saw
24:02 Heavy Plow
23:55 Gold Mining
27:19 Hand Cart
27:37 Scale Barding Armor
27:43 Forging
28:09 Szlachta Privileges
31:36 Bloodlines
31:27 Husbandry
30:47 Light Cavalry
32:02 Chain Barding Armor
35:36 Iron Casting
34:52 Fletching
40:04 Imperial Age
38:21 Bodkin Arrow
41:49 Blast Furnace
40:20 Cavalier
42:59 Conscription
45:22 Winged Hussar
Tonymontana
4:17 Loom
13:59 Feudal Age
21:03 Castle Age
21:17 Fletching
27:19 Double-Bit Axe
31:30 Town Watch
33:32 Wheelbarrow
34:27 Horse Collar
36:10 Heavy Plow
36:03 Gold Mining
36:58 Scale Mail Armor
37:09 Forging
37:30 Bodkin Arrow
38:15 Chain Mail Armor
38:11 Forging
39:06 Bow Saw
39:42 Gold Shaft Mining
44:02 Iron Casting
46:46 Imperial Age
44:47 Stone Mining
46:48 Iron Casting
46:50 Elite Gbeto
47:53 Conscription
48:45 Plate Mail Armor
tony le gros rou
6:24 Loom
13:08 Feudal Age
17:09 Castle Age
15:18 Double-Bit Axe
21:05 Horse Collar
24:40 Fletching
25:24 Bodkin Arrow
25:53 Husbandry
26:58 Padded Archer Armor
34:16 Ballistics
38:14 Imperial Age
36:49 Leather Archer Armor
37:55 Thumb Ring
39:23 Bloodlines
39:29 Nomads
40:29 Wheelbarrow
39:56 Bracer
41:00 Chemistry
42:16 Conscription
42:20 Scale Barding Armor
42:25 Forging
42:54 Light Cavalry
43:57 Chain Barding Armor
44:58 Hussar
47:12 Bow Saw
ccereal
4:39 Loom
9:34 Loom
12:02 Feudal Age
15:55 Castle Age
14:30 Fletching
14:48 Double-Bit Axe
15:25 Stone Mining
19:58 Bodkin Arrow
22:58 Padded Archer Armor
23:53 Leather Archer Armor
28:44 Horse Collar
37:59 Ballistics
39:07 Wheelbarrow
40:30 Gold Mining
41:36 Bow Saw
42:28 Town Watch
48:01 Imperial Age
46:35 Thumb Ring
La Momone 38
6:36 Loom
13:46 Feudal Age
17:43 Castle Age
17:44 Gold Mining
30:43 Double-Bit Axe
32:01 Wheelbarrow
34:30 Horse Collar
39:43 Imperial Age
38:20 Forging
38:15 Scale Barding Armor
38:34 Heavy Plow
40:11 Iron Casting
40:14 Chain Barding Armor
40:05 Marauders
40:38 Bloodlines
40:29 Husbandry
42:31 Gold Shaft Mining
42:24 Conscription
44:09 Blast Furnace
46:32 Plate Barding Armor
Connection lost

Rejoining the realm…

Still unreachable

The connection could not be restored.

Session expired

The server has moved on; the page needs a fresh start.